 Dungeon Crawl Stone Soup version 0.19.4-8-ga85b6b9 (webtiles) character file.

508 jw0914 the Slasher (level 7, -5/61 HPs)
             Began as a Hill Orc Fighter on Feb 7, 2017.
             Slain by a mummy (13 damage)
             ... in an ossuary.
             The game lasted 00:19:12 (3058 turns).

jw0914 the Slasher (Hill Orc Fighter)               Turns: 3058, Time: 00:19:13

Health: -5/61      AC:  7    Str: 19    XL:     7   Next: 18%
Magic:  7/7        EV:  8    Int: 10    God:
Gold:   164        SH:  9    Dex: 10    Spells: 0 memorised, 6 levels left

rFire  . . .     SeeInvis .     a - +0 long sword
rCold  . . .     Gourm    .     b - +0 scale mail
rNeg   . . .     Faith    .     c - +0 shield
rPois  .         Spirit   .     (no helmet)
rElec  .         Reflect  .     (no cloak)
rCorr  .         Harm     .     (no gloves)
MR     .....                    (no boots)
Stlth  ..........               (no amulet)
                                (no ring)
                                (no ring)

@: no status effects
A: no striking features
a: no special abilities


You were in an ossuary.
You were not hungry.

You visited 1 branch of the dungeon, and saw 4 of its levels.
You also visited: Ossuary.

You collected 164 gold pieces.

Inventory:

Hand Weapons
 a - a +0 long sword (weapon)
 e - a +0 spear
Armour
 b - a +0 scale mail (worn)
 c - a +0 shield (worn)
Jewellery
 q - an uncursed amulet of guardian spirit {unknown}
Scrolls
 n - a scroll of blinking {unknown}
 o - a scroll of remove curse {unknown}
 p - a scroll of fog {unknown}
 r - a scroll of magic mapping {unknown}
 s - a scroll of noise {unknown}
 t - a scroll of immolation {unknown}
Potions
 d - a potion of might
 g - a potion of cure mutation {unknown}
 h - 2 potions of curing
 j - 2 potions of mutation {unknown}
 k - a potion of haste {unknown}
Comestibles
 f - 3 bread rations
 i - 2 meat rations
 m - a slice of pizza
 u - a beef jerky


   Skills:
 + Level 5.0 Fighting
 + Level 5.5 Long Blades
 + Level 4.4 Armour
 + Level 1.2 Dodging
 + Level 5.0 Shields


You had 6 spell levels left.
You didn't know any spells.

Dungeon Overview and Level Annotations

Branches:
Dungeon (4/15)
 Temple: D:4-7

Altars:
Ru


Message History

The mummy is severely damaged.
The mummy barely misses you.
You hit the mummy.
The mummy is severely damaged.
You block the mummy's attack.
You hit the mummy.
The mummy is almost destroyed.
You hit the mummy but do no damage.
The mummy is almost destroyed.
You block the mummy's attack.
You hit the mummy.
You destroy the mummy!
You close the door.
Something unseen opens the door.
A mummy comes into view.
A worker ant zombie comes into view.
The mummy hits you!
* * * LOW HITPOINT WARNING * * *
You hit the mummy but do no damage. The mummy hits you!
You die...

###########
#.#.#.#.#.#
###+#'#'#'#'#'#'###
#.'...Z.........'.#
###.##+##'##'##.###
#.#.ZM#≈≈.
###.∩@#.#≈#
#∩..#≈+P# #####.# ≈
≈.≈ ## #.#


You could see a mummy and a worker ant zombie.

Vanquished Creatures
  2 centaur zombies (Ossuary)
  5 bullfrog zombies (Ossuary)
  An orc priest (D:3)
  A killer bee zombie (Ossuary)
  5 mummies (Ossuary)
  A howler monkey zombie (Ossuary)
  4 adders
  3 oozes
  5 adder zombies (Ossuary)
  2 worms (D:2)
  4 leopard geckos
  5 orcs (D:3)
  A ball python (D:3)
  8 bats
  5 giant cockroaches
  7 goblins
  13 hobgoblins
  7 jackals
  3 quokkas
  4 frilled lizards (D:1)
  A giant cockroach zombie (Ossuary)
  4 kobolds
  4 rats
95 creatures vanquished.

Vanquished Creatures (others)
  A withered plant (Ossuary)
1 creature vanquished.

Grand Total: 96 creatures vanquished

Notes
Turn   | Place    | Note
-------+----------+-------------------------------------------
     0 | D:1      | jw0914 the Hill Orc Fighter began the quest for the Orb.
     0 | D:1      | Reached XP level 1. HP: 19/19 MP: 1/1
   135 | D:1      | Reached XP level 2. HP: 23/27 MP: 2/2
   312 | D:1      | Reached XP level 3. HP: 31/33 MP: 3/3
   926 | D:2      | Reached XP level 4. HP: 16/40 MP: 4/4
  1700 | D:3      | Found a sacrificial altar of Ru.
  1970 | D:3      | Reached XP level 5. HP: 41/46 MP: 5/5
  2253 | D:3      | Found a faded altar of an unknown god.
  2441 | D:4      | Found a sand-covered staircase.
  2452 | Ossuary  | Entered an ossuary
  2508 | Ossuary  | Reached XP level 6. HP: 33/53 MP: 6/6
  2562 | Ossuary  | Reached skill level 5 in Long Blades
  2617 | Ossuary  | Reached skill level 1 in Dodging
  2732 | Ossuary  | Reached XP level 7. HP: 12/60 MP: 7/7
  2885 | Ossuary  | Reached skill level 5 in Fighting
  2885 | Ossuary  | Reached skill level 5 in Shields
  2981 | Ossuary  | HP: 3/61 [mummy (13)]
  3058 | Ossuary  | Slain by a mummy

Skill      XL: |  1  2  3  4  5  6  7 |
---------------+----------------------+-----
Fighting       | 4 5 |  5.0
Long Blades    | 3 4 5 |  5.5
Shields        | 4 5 |  5.0
Armour         | 4 |  4.4
Dodging        | 1 |  1.2

Action                   |  1- 3 |  4- 6 |  7- 9 || total
-------------------------+-------+-------+-------++-------
Melee: Long sword        |   139 |   284 |    22 ||   445
  Use: Potion            |       |       |     1 ||     1
  Eat: Chunk             |       |     6 |       ||     6
       Bread ration      |       |     1 |       ||     1
Armor: Scale mail        |    75 |   124 |    12 ||   211
Dodge: Dodged            |    54 |    79 |     9 ||   142
Block: Shield            |    77 |   141 |    22 ||   240
       Rpst.: Long sword |    13 |    33 |     2 ||    48
